MWL (24 & UNDER)
BARRY'S BAY ORIOLES @ COLUMBIA 08S
09/15/2027
 
TOP OF THE 1ST
Barry's Bay Orioles batting - Pitching for Columbia 08s : RHP Claudio Ramírez
Pitching: RHP Claudio Ramírez
Batting: LHB Ryan Rheaume 0-0: Ball
1-0: Called Strike
1-1: Ball
2-1: Foul Ball, location: 2F
2-2: Foul Ball, location: 2F
2-2: Foul Ball, location: 2F
2-2: Strikes out looking
Batting: RHB Guy Morrison 0-0: Ground out 6-3 (Groundball, 6)
Batting: RHB Tomás Díaz 0-0: Ground out 5-3 (Groundball, 5)
Top of the 1st over - 0 run(s), 0 hit(s), 0 error(s), 0 left on base; Barry's Bay 0 - Columbia 0
BOTTOM OF THE 1ST
Columbia 08s batting - Pitching for Barry's Bay Orioles : RHP Carl Jones
Pitching: RHP Carl Jones
Batting: RHB Álex Ochoa 0-0: SINGLE (Line Drive, 4MD)
Batting: RHB Bill Bourland 0-0: Ball
1-0: Ball
2-0: Ball
3-0: Called Strike
3-1: Fly out, F7 (Flyball, 78M)
Batting: LHB Elvin Summers 0-0: Called Strike
0-1: Called Strike
Álex Ochoa steals 2nd base
0-2: Ball
1-2: Ball
2-2: TRIPLE (Flyball, 9LM)
Álex Ochoa scores
Batting: LHB Dave Raines 0-0: Ball
1-0: Foul Ball, location: 2F
1-1: DOUBLE (Groundball, 3L)
Elvin Summers scores
Batting: SHB Jorge Rodríguez 0-0: Ball
1-0: Ball
2-0: Fly out, F3 (Line Drive, 34)
Batting: RHB James Hunter 0-0: Called Strike
0-1: Ball
1-1: Ball
2-1: Ground out 6-3 (Groundball, 6)
Bottom of the 1st over - 2 run(s), 3 hit(s), 0 error(s), 1 left on base; Barry's Bay 0 - Columbia 2
TOP OF THE 2ND
Barry's Bay Orioles batting - Pitching for Columbia 08s : RHP Claudio Ramírez
Batting: SHB Emílio Calvillo 0-0: Foul Ball, location: 2F
0-1: Foul Ball, location: 2F
0-2: Fly out, F6 (Line Drive, 6)
Batting: RHB Lorenzo Silva 0-0: Foul Ball, location: 2F
0-1: Foul Ball, location: 2F
0-2: Ball
1-2: Strikes out looking
Batting: SHB Terry Christian 0-0: Called Strike
0-1: Fly out, F9 (Flyball, 9LM)
Top of the 2nd over - 0 run(s), 0 hit(s), 0 error(s), 0 left on base; Barry's Bay 0 - Columbia 2
BOTTOM OF THE 2ND
Columbia 08s batting - Pitching for Barry's Bay Orioles : RHP Carl Jones
Batting: LHB Pablo Alvarado 0-0: Called Strike
0-1: Ball
1-1: Foul Ball, location: 2F
1-2: Foul Ball, location: 2F
1-2: Fly out, F8 (Flyball, 8LM)
Batting: RHB Carlos Estrada 0-0: Called Strike
0-1: Foul Ball, location: 2F
0-2: SINGLE (Groundball, 6MD)
Batting: RHB Álex Martínez 0-0: Ball
1-0: Fielders Choice at 2nd, 5-4 (Groundball, 56)
Batting: RHB Álex Ochoa 0-0: Fly out, F3 (Popup, 3)
Bottom of the 2nd over - 0 run(s), 1 hit(s), 0 error(s), 1 left on base; Barry's Bay 0 - Columbia 2
TOP OF THE 3RD
Barry's Bay Orioles batting - Pitching for Columbia 08s : RHP Claudio Ramírez
Batting: RHB Bill Pike 0-0: Called Strike
0-1: Swinging Strike
0-2: Strikes out swinging
Batting: RHB Lee Scott 0-0: Called Strike
0-1: Ball
1-1: Called Strike
1-2: Foul Ball, location: 2F
1-2: Strikes out swinging
Batting: LHB Rodney Harrison 0-0: Fly out, F4 (Popup, 34D)
Top of the 3rd over - 0 run(s), 0 hit(s), 0 error(s), 0 left on base; Barry's Bay 0 - Columbia 2
BOTTOM OF THE 3RD
Columbia 08s batting - Pitching for Barry's Bay Orioles : RHP Carl Jones
Batting: RHB Bill Bourland 0-0: SINGLE (Groundball, 4M) (infield hit)
Batting: LHB Elvin Summers 0-0: Ball
1-0: Ball
2-0: Fielders Choice at 2nd, 3-6 (Groundball, 3)
Batting: LHB Dave Raines 0-0: Ball
1-0: Called Strike
1-1: Fly out, F6 (Popup, 6S)
Batting: SHB Jorge Rodríguez 0-0: Ball
1-0: Ball
2-0: SINGLE (Groundball, 56D)
Elvin Summers to second
Batting: RHB James Hunter 0-0: Ball
1-0: Called Strike
1-1: Swinging Strike
1-2: Foul Ball, location: 2F
1-2: Ball
2-2: DOUBLE (Line Drive, 89D)
Elvin Summers scores
Jorge Rodríguez to third
Runner from 3rd tries for Home, SAFE, throw made home
Batting: LHB Pablo Alvarado 0-0: Ball
1-0: Swinging Strike
1-1: Called Strike
1-2: Ball
2-2: Ball
3-2: Foul Ball, location: 2F
3-2: Foul Ball, location: 2F
3-2: Strikes out swinging, 2-3 out at first.
Bottom of the 3rd over - 2 run(s), 3 hit(s), 0 error(s), 1 left on base; Barry's Bay 0 - Columbia 4
TOP OF THE 4TH
Barry's Bay Orioles batting - Pitching for Columbia 08s : RHP Claudio Ramírez
Batting: LHB Ryan Rheaume 0-0: Foul Ball, location: 2F
0-1: Ground out 1-3 (Groundball, P)
Batting: RHB Guy Morrison 0-0: Fly out, F7 (Flyball, 7)
Batting: RHB Tomás Díaz 0-0: Ball
1-0: Foul Ball, location: 2F
1-1: Ground out 4-3 (Groundball, 4S)
Top of the 4th over - 0 run(s), 0 hit(s), 0 error(s), 0 left on base; Barry's Bay 0 - Columbia 4
BOTTOM OF THE 4TH
Columbia 08s batting - Pitching for Barry's Bay Orioles : RHP Carl Jones
Batting: RHB Carlos Estrada 0-0: Called Strike
0-1: Ball
1-1: Ground out 5-3 (Groundball, 5)
Batting: RHB Álex Martínez 0-0: Called Strike
0-1: Ball
1-1: Swinging Strike
1-2: Ball
2-2: Fly out, F8 (Flyball, 8RD)
Batting: RHB Álex Ochoa 0-0: Called Strike
0-1: Ball
1-1: SINGLE (Line Drive, 8RS)
Batting: RHB Bill Bourland 0-0: Fielders Choice at 2nd, 5-4 (Groundball, 56)
Bottom of the 4th over - 0 run(s), 1 hit(s), 0 error(s), 0 left on base; Barry's Bay 0 - Columbia 4
TOP OF THE 5TH
Barry's Bay Orioles batting - Pitching for Columbia 08s : RHP Claudio Ramírez
Batting: SHB Emílio Calvillo 0-0: Ball
1-0: Called Strike
1-1: Foul Ball, location: 2F
1-2: Ground out 5-3 (Groundball, 5D)
Batting: RHB Lorenzo Silva 0-0: Called Strike
0-1: Foul Ball, location: 2F
0-2: Strikes out swinging
Batting: SHB Terry Christian 0-0: Ground out 6-3 (Groundball, 56)
Top of the 5th over - 0 run(s), 0 hit(s), 0 error(s), 0 left on base; Barry's Bay 0 - Columbia 4
BOTTOM OF THE 5TH
Columbia 08s batting - Pitching for Barry's Bay Orioles : RHP Carl Jones
Batting: LHB Elvin Summers 0-0: Ball
1-0: Swinging Strike
1-1: Ball
2-1: Ball
3-1: Base on Balls
Batting: LHB Dave Raines 0-0: Called Strike
0-1: Ball
1-1: Ball
Elvin Summers is caught stealing 2nd base
2-1: Foul Ball, location: 2F
2-2: Ball
3-2: Ground out 4-3 (Groundball, 34D)
Batting: SHB Jorge Rodríguez 0-0: Called Strike
0-1: Fly out, F3 (Line Drive, 3)
Bottom of the 5th over - 0 run(s), 0 hit(s), 0 error(s), 0 left on base; Barry's Bay 0 - Columbia 4
TOP OF THE 6TH
Barry's Bay Orioles batting - Pitching for Columbia 08s : RHP Claudio Ramírez
Batting: RHB Bill Pike 0-0: Ball
1-0: Ball
2-0: Ball
3-0: Base on Balls
Batting: RHB Lee Scott 0-0: Ball
1-0: Ball
2-0: Called Strike
2-1: Grounds into double play, 4-6-3 (Groundball, 34)
Batting: LHB Rodney Harrison 0-0: Ball
1-0: Ground out 6-3 (Groundball, 6)
Top of the 6th over - 0 run(s), 0 hit(s), 0 error(s), 0 left on base; Barry's Bay 0 - Columbia 4
BOTTOM OF THE 6TH
Columbia 08s batting - Pitching for Barry's Bay Orioles : RHP Carl Jones
Batting: RHB James Hunter 0-0: Foul Ball, location: 2F
0-1: Swinging Strike
0-2: Ball
1-2: Ball
2-2: Strikes out swinging
Pitching: RHP Rosendo Alonso
Batting: LHB Pablo Alvarado 0-0: Called Strike
0-1: Foul Ball, location: 2F
0-2: Ball
1-2: Strikes out looking
Batting: RHB Carlos Estrada 0-0: Ground out 5-3 (Groundball, 56S)
Bottom of the 6th over - 0 run(s), 0 hit(s), 0 error(s), 0 left on base; Barry's Bay 0 - Columbia 4
TOP OF THE 7TH
Barry's Bay Orioles batting - Pitching for Columbia 08s : RHP Claudio Ramírez
Batting: LHB Ryan Rheaume 0-0: Ball
1-0: Ball
2-0: DOUBLE (Line Drive, 7LM)
Batting: RHB Guy Morrison 0-0: Ball
1-0: Called Strike
1-1: Foul Ball, location: 2F
1-2: Ball
2-2: Strikes out swinging
Batting: RHB Tomás Díaz 0-0: Called Strike
0-1: Ball
1-1: Called Strike
1-2: Ground out 6-3 (Groundball, 6)
Batting: SHB Emílio Calvillo 0-0: Ground out 6-3 (Groundball, 6)
Top of the 7th over - 0 run(s), 1 hit(s), 0 error(s), 1 left on base; Barry's Bay 0 - Columbia 4
BOTTOM OF THE 7TH
Columbia 08s batting - Pitching for Barry's Bay Orioles : RHP Rosendo Alonso
Batting: RHB Álex Martínez 0-0: Foul Ball, location: 2F
0-1: Called Strike
0-2: Ball
1-2: Hit by Pitch
Batting: RHB Álex Ochoa 0-0: Ball
1-0: SINGLE (Groundball, 56D)
Álex Martínez to second
Batting: RHB Bill Bourland 0-0: Foul Ball, location: 2F
0-1: Fly out, F8 (Flyball, 89M)
Runner from 2nd tags up, SAFE at 3rd with throw
Batting: LHB Elvin Summers 0-0: Foul Ball, location: 2F
0-1: Reached on error, E4 (Groundball, 4)
Álex Martínez scores
Álex Ochoa to second
Batting: LHB Dave Raines 0-0: Ball
1-0: Foul Ball, location: 2F
1-1: Ball
2-1: Foul Ball, location: 2F
2-2: Fly out, F1 (Popup, 15)
Batting: SHB Jorge Rodríguez 0-0: Ball
Elvin Summers is caught stealing 2nd base
Bottom of the 7th over - 1 run(s), 1 hit(s), 1 error(s), 0 left on base; Barry's Bay 0 - Columbia 5
TOP OF THE 8TH
Barry's Bay Orioles batting - Pitching for Columbia 08s : RHP Claudio Ramírez
Now at SS: Ernesto Villa
Batting: RHB Lorenzo Silva 0-0: Called Strike
0-1: Ball
1-1: Swinging Strike
1-2: Strikes out looking
Batting: SHB Terry Christian 0-0: Ball
1-0: Called Strike
1-1: Foul Ball, location: 2F
1-2: Foul Ball, location: 2F
1-2: Foul Ball, location: 2F
1-2: Ball
2-2: Ground out 4-3 (Groundball, 4)
Batting: RHB Bill Pike 0-0: Ball
1-0: Foul Ball, location: 2F
1-1: Ball
2-1: Foul Ball, location: 2F
2-2: Strikes out looking
Top of the 8th over - 0 run(s), 0 hit(s), 0 error(s), 0 left on base; Barry's Bay 0 - Columbia 5
BOTTOM OF THE 8TH
Columbia 08s batting - Pitching for Barry's Bay Orioles : RHP Rosendo Alonso
Batting: SHB Jorge Rodríguez 0-0: Foul Ball, location: 2F
0-1: Foul Ball, location: 2F
0-2: Strikes out swinging
Batting: RHB James Hunter 0-0: Called Strike
0-1: Called Strike
0-2: Ball
1-2: Ball
2-2: Strikes out swinging
Batting: LHB Pablo Alvarado 0-0: Ball
1-0: Called Strike
1-1: Fly out, F3 (Line Drive, 3D)
Bottom of the 8th over - 0 run(s), 0 hit(s), 0 error(s), 0 left on base; Barry's Bay 0 - Columbia 5
TOP OF THE 9TH
Barry's Bay Orioles batting - Pitching for Columbia 08s : RHP Claudio Ramírez
Now at 1B: Darrel Lang
Now at 3B: Jack Crossey
Now in RF: Albert Galindo
Batting: RHB Lee Scott 0-0: Called Strike
0-1: Ball
1-1: Called Strike
1-2: Ball
2-2: Ground out 6-3 (Groundball, 56)
Pitching: LHP Henny van der Lack
Batting: LHB Rodney Harrison 0-0: Foul Ball, location: 2F
0-1: DOUBLE (Line Drive, 78XD)
Batting: LHB Ryan Rheaume 0-0: Foul Ball, location: 2F
0-1: Foul Ball, location: 2F
0-2: Foul Ball, location: 2F
0-2: Ball
1-2: Foul Ball, location: 2F
1-2: Foul Ball, location: 2F
1-2: Ball
2-2: Ball
3-2: Strikes out looking
Batting: RHB Guy Morrison 0-0: Ball
1-0: Fly out, F6 (Popup, 6)
Top of the 9th over - 0 run(s), 1 hit(s), 0 error(s), 1 left on base; Barry's Bay 0 - Columbia 5
Thursday, March 30th, 2017 - OOTP Baseball 17.12 Build 75